 Dungeon Crawl Stone Soup version 0.28.0-53-g5a82cb258f (webtiles) character file.

Game seed: 14904717832639256346

105 LynnLen the Sneak (level 4, 0/24 HPs)
             Began as a Vampire Enchanter on Aug 17, 2022.
             Slain by a hobgoblin
             ... wielding a +0 hand axe
              (7 damage)
             ... on level 3 of the Dungeon.
             The game lasted 00:05:54 (2336 turns).

LynnLen the Sneak (Vampire Enchanter)               Turns: 2336, Time: 00:05:54

Health: 0/24       AC:  4    Str:  7    XL:     4   Next: 53%
Magic:  1/7        EV: 11    Int: 17    God:
Gold:   98         SH:  0    Dex: 16    Spells: 2/7 levels left

rFire   . . .      SeeInvis +   a - +1 dagger
rCold   + + .      Faith    .   (no shield)
rNeg    + + +      Spirit   .   i - +0 leather armour
rPois   ∞          Reflect  .   (no helmet)
rElec   .          Harm     .   f - +0 cloak
rCorr   .          Rampage  .   (no gloves)
Will    .....                   (no boots)
Stlth   +++++.....              (no amulet)
HPRegen 0.00/turn               (no ring)
MPRegen 0.10/turn               (no ring)

@: bloodless, inhibited regen
A: bloodless, fangs 3, see invisible, vampiric 2
a: Bat Form, Revivify


You were on level 3 of the Dungeon.
You visited 1 branch of the dungeon, and saw 3 of its levels.

You collected 98 gold pieces.

Inventory:

Hand Weapons
 a - a +1 dagger (weapon)
Armour
 b - a +0 robe
 f - a +0 cloak (worn)
 i - a +0 leather armour (worn)
Scrolls
 g - a scroll of identify
 h - a scroll of fog
Potions
 c - a potion of heal wounds
 d - a potion of curing
 e - a potion of attraction


   Skills:
 * Level 4.1 Short Blades
 - Level 2.1 Dodging
 + Level 5.9 Stealth
 - Level 2.0 Spellcasting
 - Level 4.4 Hexes


You had 2 spell levels left.
You knew the following spells:

 Your Spells              Type           Power      Damage    Failure   Level
a - Ensorcelled Hibernat  Hex/Ice        18%        N/A       19%         2
b - Confusing Touch       Hex            16%        N/A       14%         3

Your spell library contained the following spells:

 Spells                   Type           Power      Damage    Failure   Level
 Tukima's Dance           Hex            16%        N/A       14%         3
 Dazzling Flash           Conj/Hex       18%        N/A       34%         3
 Portal Projectile        Hex/Tloc       18%        N/A       34%         3
 Blade Hands              Tmut           0%         N/A       100%        5
 Excruciating Wounds      Necr           0%         N/A       100%        5


Dungeon Overview and Level Annotations

Branches:
Dungeon (3/15)

Altars:
Ru

Shops:
D:1 *   D:3 (


Innate Abilities, Weirdness & Mutations

You do not regenerate when monsters are visible.
You are frail without blood (-20% HP).
You can heal yourself when you bite living creatures.
You are immune to poison.
You have razor-sharp teeth.
You have supernaturally acute eyesight. (SInv)
You are afflicted with vampirism and can become a bat while bloodless.


Message History

There is an entrance to Humy's Weapon Shop here.
You can access your shopping list by pressing '$'.
A hobgoblin comes into view. It is wielding a +0 hand axe.
Aiming: Ensorcelled Hibernation (safe; 19% risk of failure)
Press: ? - help, Q - select action, (/) - cycle Shift-Dir - straight line, f - hobgoblin
Aim: a hobgoblin, wielding a +0 hand axe (wandering, hasn't noticed you, chance to affect: 61%)
You miscast Ensorcelled Hibernation.
You are very lightly contaminated with residual magic.
Nothing appears to happen.
The hobgoblin shouts!
The hobgoblin hits you with a +0 hand axe.
You closely miss the hobgoblin.
The hobgoblin hits you with a +0 hand axe.
You hit the hobgoblin but do no damage. The hobgoblin closely misses you.
You barely miss the hobgoblin.
The hobgoblin hits you with a +0 hand axe.
You hit the hobgoblin.
The hobgoblin is lightly wounded.
You barely miss the hobgoblin.
The hobgoblin is lightly wounded.
The hobgoblin hits you with a +0 hand axe.
You closely miss the hobgoblin.
The hobgoblin is lightly wounded.
The hobgoblin hits you but does no damage.
You hit the hobgoblin but do no damage.
The hobgoblin is lightly wounded.
The hobgoblin hits you with a +0 hand axe!
* * * LOW HITPOINT WARNING * * *
Aiming: Ensorcelled Hibernation (safe; 19% risk of failure)
Press: ? - help, Q - select action, (/) - cycle Shift-Dir - straight line, f/p - hobgoblin
Aim: a hobgoblin, wielding a +0 hand axe (lightly wounded, chance to affect: 61%)
The hobgoblin resists with significant effort.
The hobgoblin barely misses you.
Your magical contamination has completely faded away.
Aiming: Ensorcelled Hibernation (safe; 19% risk of failure)
Press: ? - help, Q - select action, (/) - cycle Shift-Dir - straight line, f/p - hobgoblin
Aim: a hobgoblin, wielding a +0 hand axe (lightly wounded, chance to affect: 61%)
The hobgoblin resists with significant effort.
The hobgoblin hits you with a +0 hand axe!
You die...

############# #
............. >#
###.........#######..#.
#......................
#..............∩....... .#.#
...#.#......................
...
..........g......#######+###
#.# #..#
#...#.@................
#.###..#
#...#.#############+###
#......# #...#.# # #......#
#...#.# # ##......#+#)..#.#
# #.............#.# #
.♣...♣......<.#.# #
♣♣♣♣.♣........#.#. #
♣.♣♣♣.♣.......#.#. #


You could see a hobgoblin.

Vanquished Creatures
  Terence (D:2)
  2 adders (D:2)
  A worm (D:2)
  4 dart slugs (D:2)
  6 ball pythons
  2 bats (D:1)
  5 endoplasms
  2 giant cockroaches
  3 goblins
  7 hobgoblins
  5 kobolds
  2 quokkas (D:1)
  5 frilled lizards
  3 rats
48 creatures vanquished.

Notes
Turn   | Place    | Note
-------+----------+-------------------------------------------
     0 | D:1      | LynnLen the Vampire Enchanter began the quest for the Orb.
     0 | D:1      | Reached XP level 1. HP: 13/13 MP: 3/3
   292 | D:1      | Reached XP level 2. HP: 11/15 MP: 5/5
   439 | D:1      | Found Ycyagacy's Assorted Antiques.
   739 | D:1      | Reached skill level 5 in Stealth
  1263 | D:2      | Identified the +3 scale mail "Fuwn" {rPois}
  1300 | D:2      | Learned a level 2 spell: Ensorcelled Hibernation
  1308 | D:2      | Gained mutation: You are afflicted with vampirism and can
                  | become a bat while bloodless. [Vampire growth]
  1308 | D:2      | Reached XP level 3. HP: 19/19 MP: 6/6
  1416 | D:2      | Learned a level 3 spell: Confusing Touch
  1423 | D:2      | Noticed Terence
  1427 | D:2      | Found a sacrificial altar of Ru.
  1484 | D:2      | Killed Terence
  1485 | D:2      | Reached XP level 4. HP: 13/24 MP: 0/7
  1712 | D:2      | Identified the +8 spear of Demand {vorpal, *Noise rN+++
                  | Will- Stlth+}
  2191 | D:3      | Found a faded altar of an unknown god.
  2293 | D:3      | Found Humy's Weapon Shop.
  2336 | D:3      | Slain by a hobgoblin

Illustrated notes

Levels and vault maps discovered:
D:1:      lightli_arrival_maybe_door_vault, layout_loops_ring, serial_shops,
          nicolae_lakefront_shop
D:2:      minmay_alternating_diamond, layout_basic, basic_altar, uniq_terence
D:3:      minmay_diamond_boxcup, layout_basic, lemuel_crystal_altar,
          chequers_ecumenical_altar_grove, serial_shops, shop, shop

Skill      XL: |  1  2  3  4 |
---------------+-------------+-----
Short Blades   | 2 3 4 |  4.1
Stealth        | 5 |  5.9
Dodging        | |  2.1
Spellcasting   | |  2.0
Hexes          | |  4.4

Action                   |  1- 3 |  4- 6 || total
-------------------------+-------+-------++-------
Melee: Dagger            |    72 |    28 ||   100
       Bite              |     6 |     2 ||     8
       Punch             |       |     1 ||     1
 Cast: Ensorcelled Hiber |     4 |     6 ||    10
 Abil: Exsanguinate      |     1 |       ||     1
  Use: Scroll            |     3 |     3 ||     6
       Potion            |     1 |       ||     1
 Stab: Sleeping          |    22 |     9 ||    31
Armor: Robe              |     9 |       ||     9
       Leather armour    |       |     2 ||     2
Dodge: Dodged            |    33 |     6 ||    39
